AoeStats
← serkoprime

Arabian Desert

509222546Analyzed
1v1 RM · 8d ago on Sep 26, 2026· 42m 26s· 2 players
Game mode
Random Map
Map size
Tiny (2 player)
Population
200
Speed
Normal
Resources
Standard
Victory
Conquest
Starting age
Dark Age
Ending age
Imperial Age
RankedLock teamsTeams togetherTeam positionsShared explorationLock speedFull tech treeHidden civsTurbo modeCheats
Victory
Defeat
🇺🇸 Wei · United States
2079
+7
🇩🇪 Ethiopians · Germany
1851
-7
serkoprime
7:06 Loom
9:16 Feudal Age
9:48 Double-Bit Axe
9:27 Man-at-Arms
19:32 Castle Age
17:35 Fletching
19:49 Gold Mining
20:07 Bodkin Arrow
19:33 Crossbowman
28:21 Scale Barding Armor
29:34 Light Cavalry
33:09 Town Watch
36:44 Chain Barding Armor
37:12 Husbandry
38:33 Forging
JOJO ROAD ROLLER
8:26 Feudal Age
7:28 Loom
9:39 Double-Bit Axe
10:08 Horse Collar
21:02 Castle Age
19:41 Gold Mining
19:50 Fletching
21:42 Padded Archer Armor
21:08 Elite Skirmisher
21:54 Bodkin Arrow
23:09 Leather Archer Armor
32:21 Wheelbarrow
33:14 Ballistics
33:08 Bow Saw
33:26 Bloodlines
33:51 Husbandry
38:58 Imperial Age
38:58 Hand Cart
39:55 Bracer
41:16 Chemistry
40:31 Thumb Ring
42:00 Ring Archer Armor
42:42 Town Watch
Connection lost

Rejoining the realm…

Still unreachable

The connection could not be restored.

Session expired

The server has moved on; the page needs a fresh start.